AoeStats
← Tony

Hideout

509788542Analyzed
1v1 RM · 3d ago on Sep 28, 2026· 185m 15s· 2 players
Game mode
Random Map
Map size
Tiny (2 player)
Population
200
Speed
Normal
Resources
Standard
Victory
Conquest
Starting age
Dark Age
Ending age
Imperial Age
RankedLock teamsTeams togetherTeam positionsShared explorationLock speedFull tech treeHidden civsTurbo modeCheats
Victory
Defeat
🇨🇱 Portuguese · Chile
718
+16
🇨🇴 Vietnamese · Colombia
720
-16
Tony
1:43 Loom
11:17 Feudal Age
12:12 Double-Bit Axe
12:10 Horse Collar
13:31 Wheelbarrow
14:16 Town Watch
25:01 Castle Age
23:29 Stone Mining
23:30 Gold Mining
27:19 Hand Cart
29:04 Town Patrol
31:51 Imperial Age
29:08 Treadmill Crane
31:04 Stone Shaft Mining
30:33 Heavy Plow
31:23 Fortified Wall
31:24 Masonry
32:41 Bow Saw
36:52 Architecture
39:55 Chemistry
39:02 Siege Engineers
42:22 Murder Holes
42:18 Heated Shot
43:26 Ballistics
46:26 Arson
46:01 Pikeman
46:02 Man-at-Arms
46:29 Gambesons
47:50 Two-Man Saw
47:45 Guard Tower
47:34 Halberdier
47:35 Long Swordsman
51:52 Bombard Tower
52:08 Keep
51:38 Devotion
51:59 Heresy
52:17 Conscription
51:27 Sappers
51:18 Elite Organ Gun
51:59 Arquebus
52:44 Onager
52:48 Capped Ram
84:02 Two-Handed Swordsman
85:29 Champion
88:25 Padded Archer Armor
88:16 Fletching
88:37 Forging
88:27 Scale Mail Armor
88:33 Scale Barding Armor
122:02 Leather Archer Armor
121:43 Bodkin Arrow
122:24 Iron Casting
122:05 Chain Mail Armor
122:11 Chain Barding Armor
123:04 Ring Archer Armor
123:03 Bracer
130:40 Blast Furnace
130:11 Plate Mail Armor
130:17 Plate Barding Armor
142:46 Faith
162:54 Guilds
163:14 Coinage
162:31 Spies/Treason
185:13 Husbandry
184:33 Cavalier
184:34 Light Cavalry
185:25 Bloodlines
Manco Melancólico
7:51 Loom
10:19 Feudal Age
12:30 Double-Bit Axe
12:27 Horse Collar
16:49 Wheelbarrow
17:48 Town Watch
20:53 Castle Age
19:22 Fletching
19:33 Padded Archer Armor
19:55 Gold Mining
22:41 Bow Saw
22:36 Heavy Plow
23:19 Hand Cart
32:10 Imperial Age
30:18 Bodkin Arrow
32:15 Elite Rattan Archer
34:46 Chemistry
34:07 Ballistics
34:52 Bracer
35:08 Leather Archer Armor
37:33 Heavy Cavalry Archer
46:59 Ring Archer Armor
48:38 Bloodlines
47:49 Light Cavalry
49:14 Town Patrol
52:17 Paper Money
58:30 Forging
58:45 Scale Barding Armor
60:47 Iron Casting
60:34 Chain Barding Armor
60:40 Chain Barding Armor
60:58 Capped Ram
67:23 Elite Battle Elephant
76:07 Bombard Tower
98:26 Onager
100:19 Chatras
108:54 Elite Skirmisher
115:54 Hoardings
118:54 Plate Barding Armor
118:30 Arrowslits
123:31 Sappers
123:40 Imperial Skirmisher
Connection lost

Rejoining the realm…

Still unreachable

The connection could not be restored.

Session expired

The server has moved on; the page needs a fresh start.